AoeStats
← RoR | Vodka_L_2

Arabia

510131747Analyzed
1v1 RM · 3d ago on Sep 29, 2026· 22m 4s· 2 players
Game mode
Random Map
Map size
Tiny (2 player)
Population
200
Speed
Normal
Resources
Standard
Victory
Conquest
Starting age
Dark Age
Ending age
Imperial Age
RankedLock teamsTeams togetherTeam positionsShared explorationLock speedFull tech treeHidden civsTurbo modeCheats
Victory
Defeat
🇮🇹 Sicilians · Italy
2573
+1
🇳🇿 Sicilians · New Zealand
1999
-1
RoR | Vodka_L_2
6:33 Loom
9:16 Feudal Age
10:17 Double-Bit Axe
10:58 Horse Collar
18:39 Castle Age
17:12 Gold Mining
19:04 Scale Barding Armor
19:33 Bow Saw
22:06 Husbandry
22:19 Bloodlines
Mungrel
6:14 Loom
8:55 Feudal Age
9:51 Double-Bit Axe
14:31 Horse Collar
16:25 Fletching
23:22 Castle Age
22:16 Gold Mining
Connection lost

Rejoining the realm…

Still unreachable

The connection could not be restored.

Session expired

The server has moved on; the page needs a fresh start.